 Dungeon Crawl Stone Soup version 0.23.1 (webtiles) character file.

Game seed: 11482928022373241377

189 Oninnaise the Chopper (level 5, 0/42 HPs)
             Began as a Demonspawn Berserker on Mar 19, 2019.
             Was a Believer of Trog.
             Slain by an orc priest (4 damage)
             ... while paralysed by Grinder
             ... on level 3 of the Dungeon.
             The game lasted 00:12:51 (2577 turns).

Oninnaise the Chopper (Demonspawn Berserker)        Turns: 2577, Time: 00:12:51

Health: 0/42       AC:  6    Str: 18    XL:     5   Next: 40%
Magic:  5/5        EV:  2    Int:  8    God:    Trog [**....]
Gold:   160        SH:  0    Dex: 13    Spells: 4/4 levels left

rFire    . . .     SeeInvis .   a - +0 hand axe
rCold    . . .     Gourm    .   (no shield)
rNeg     . . .     Faith    .   d - +1 ring mail
rPois    .         Spirit   .   (no helmet)
rElec    .         Reflect  .   (no cloak)
rCorr    .         Harm     .   (no gloves)
MR       .....                  (no boots)
Stlth    ++........             (no amulet)
HPRegen  0.14/turn              (no ring)
MPRegen  0.09/turn              (no ring)

@: paralysed, berserk cooldown, slowed
A: nightstalker 1
a: Berserk, Trog's Hand, Renounce Religion


You were on level 3 of the Dungeon.
You worshipped Trog.
Trog was pleased with you.
You were hungry.

You visited 1 branch of the dungeon, and saw 3 of its levels.

You collected 160 gold pieces.

Inventory:

Hand Weapons
 a - a +0 hand axe (weapon)
Armour
 b - a +0 animal skin
 d - a +1 ring mail (worn)
Jewellery
 h - a +2 ring of intelligence
Wands
 k - a wand of acid (9)
Scrolls
 g - a scroll of teleportation
 i - a scroll of identify
 l - a scroll of magic mapping
Potions
 e - a potion of brilliance
 f - a potion of haste
 j - a potion of lignification {unknown}
Comestibles
 c - 7 rations


   Skills:
 + Level 3.7 Fighting
 + Level 4.1 Axes
 + Level 2.7 Armour
 + Level 2.5 Dodging
 + Level 1.1 Stealth


You had 4 spell levels left.
You didn't know any spells.
Your spell library was empty.

Dungeon Overview and Level Annotations

Branches:
Dungeon (3/15)

Altars:
Qazlal
Vehumet

Annotations:
D:3 Grinder


Innate Abilities, Weirdness & Mutations

You are slightly more attuned to the shadows.


Message History

The orc priest miscasts a cantrip.
Grinder gestures at you. Pain shoots through your body!
* * * LOW HITPOINT WARNING * * *
Grinder gestures at you. You resist with significant effort.
Grinder says, "You look like you could use a good racking."
Grinder gestures at you.
You suddenly lose the ability to move!
Grinder gestures at you.
You barely resist.
Grinder says, "You look like you could use a good racking."
Grinder blinks!
The orc priest hits you.
* * * LOW HITPOINT WARNING * * *
The orc priest hits you but does no damage.
The orc wizard mumbles some strange words.
The orc wizard blinks!
The orc priest hits you.
You die...

##....≈##.#
#....≈##.##
#....≈#...###
#≈≈≈≈≈#.#...##
######'......#
###......#.#
#..........# ##
######.#<##.##.## #.
#.o@.5....#.##.####.
#.####.#............
#.# #.....#†..####.
#####o# #....#.#..#
#. #.....#
#.#.#._.#.# #.
#o#####
#.#..#.#..####. #.#
#.#...#.....##. #o#
#.......#.##. #.#
######.##.##)


You could see Grinder and an orc priest.

Vanquished Creatures
  An orc priest (D:3)
  Terence (D:3)
  A worker ant (D:3)
  Robin (D:3)
  2 adders (D:3)
  2 dart slugs
  4 leopard geckos
  4 orcs (D:3)
  A ball python (D:3)
  7 bats
  2 giant cockroaches
  14 goblins
  11 hobgoblins
  2 jackals (D:1)
  2 quokkas
  3 frilled lizards
  5 kobolds
  6 rats
69 creatures vanquished.

Notes
Turn   | Place    | Note
-------+----------+-------------------------------------------
     0 | D:1      | Oninnaise the Demonspawn Berserker began the quest for the
                  | Orb.
     0 | D:1      | Reached XP level 1. HP: 18/18 MP: 1/1
    82 | D:1      | Gained mutation: You are slightly more attuned to the
                  | shadows. [demonic ancestry]
    82 | D:1      | Reached XP level 2. HP: 16/24 MP: 2/2
   256 | D:1      | Reached skill level 3 in Axes
  1145 | D:2      | Reached XP level 3. HP: 29/29 MP: 3/3
  1733 | D:3      | Reached ** piety under Trog
  1740 | D:3      | Noticed Robin
  1766 | D:3      | Killed Robin
  1796 | D:3      | Reached XP level 4. HP: 12/35 MP: 4/4
  2093 | D:3      | Reached skill level 1 in Stealth
  2181 | D:3      | Reached XP level 5. HP: 42/42 MP: 5/5
  2302 | D:3      | Found a faded altar of an unknown god.
  2373 | D:3      | Found a radiant altar of Vehumet.
  2375 | D:3      | Noticed Terence
  2402 | D:3      | Killed Terence
  2402 | D:3      | Reached skill level 4 in Axes
  2408 | D:3      | Found a stormy altar of Qazlal.
  2545 | D:3      | Noticed Grinder
  2572 | D:3      | Paralysed by Grinder for 6 turns
  2577 | D:3      | Slain by an orc priest

Skill      XL: |  1  2  3  4  5 |
---------------+----------------+-----
Axes           | 3 4 |  4.1
Dodging        | 2 |  2.5
Armour         | 2 |  2.7
Stealth        | 1 |  1.1
Fighting       | |  3.7

Action                   |  1- 3 |  4- 6 || total
-------------------------+-------+-------++-------
Melee: Hand axe          |   161 |    85 ||   246
Invok: Berserk           |     1 |     1 ||     2
  Use: Potion            |     5 |       ||     5
       Scroll            |     7 |     2 ||     9
 Stab: Sleeping          |     7 |     3 ||    10
  Eat: Ration            |     2 |       ||     2
Armor: Animal skin       |    11 |       ||    11
       Ring mail         |    43 |    27 ||    70
Dodge: Dodged            |   103 |    40 ||   143
